 Dungeon Crawl Stone Soup version 0.14-a0-1570-g671a4b6 (webtiles) character file.

8458 PolkaDot the Reanimator (level 11, -14/68 HPs)
             Began as a Vampire Necromancer on Dec 20, 2013.
             Was an Elder of Kikubaaqudgha.
             Killed from afar by a lava snake (26 damage)
             ... with a glob of lava
             ... on Level 1 of the Lair of Beasts.
             The game lasted 01:21:22 (10389 turns).

PolkaDot the Reanimator (Vampire Necromancer)      Turns: 10389, Time: 01:21:23

HP -14/68        AC  9     Str  7      XL: 11   Next:  6%
MP  17/20        EV  9     Int 22      God: Kikubaaqudgha [****..]
Gold 291         SH  7     Dex 15      Spells:  5 memorised,  0 levels left

rFire  . . .     SeeInvis +     a - +4,+3 quick blade
rCold  + . .     Clarity  .     l - +0 troll leather armour {Purgy}
rNeg   + + +     Conserve .     z - +0 buckler
rPois  +         rCorr    .     o - +1 wizard hat {Int+3}
rElec  .         rRot     +     c - +1 cloak
SustAb . .       Spirit   .     h - +0 pair of gloves
rMut   .         Warding  +     t - +0 pair of boots
Saprov . . .     Stasis   .     g - amulet of warding
                                s - cursed ring of invisibility
                                f - ring of sustenance

@: regenerating slowly, somewhat resistant to hostile enchantments, stealthy
A: bottle blood, fangs 3, see invisible, unbreathing
a: Bat Form, Bottle Blood, Receive Corpses, Renounce Religion, Evoke
Invisibility


You were on level 1 of the Lair of Beasts.
You worshipped Kikubaaqudgha.
Kikubaaqudgha was greatly pleased with you.
You were thirsty.

You visited 3 branches of the dungeon, and saw 11 of its levels.
You also visited: Sewer.

You collected 473 gold pieces.
You spent 182 gold pieces at shops.

Inventory:

Hand weapons
 a - a +4,+3 quick blade (weapon)
Armour
 c - a +1 cloak (worn)
 h - a +0 pair of gloves (worn)
 l - a +0 troll leather armour (worn) {Purgy}
 o - a +1 wizard hat of intelligence (worn)
 t - a +0 pair of boots (worn)
 z - a +0 buckler (worn)
Magical devices
 v - a wand of digging (11)
Jewellery
 f - a ring of sustenance (left hand)
 g - an amulet of warding (around neck)
 s - a cursed ring of invisibility (right hand)
Potions
 j - a potion of magic
 n - 2 potions of might
 p - 2 potions of curing
 u - 2 potions of flight
 A - a potion of resistance
 E - a potion of brilliance
 F - a potion of speed
Books
 r - Kikubaaqudgha's Volume of Black Secrets {god gift}
   (Kikubaaqudgha gifted it to you on level 6 of the Dungeon)

   Spells                             Type                      Level
   Pain                               Necromancy                   1
   Corpse Rot                         Necromancy                   2
   *Sublimation of Blood              Necromancy                   2
   *Regeneration                      Charms/Necromancy            3
   *Control Undead                    Necromancy                   4
 y - a book of Annihilations {highlevel}

   This book is beyond your current level of understanding.

   Spells                             Type                      Level
   Poison Arrow                       Conjuration/Poison           6
   Chain Lightning                    Conjuration/Air              8
   Lehudib's Crystal Spear            Conjuration/Earth            8
   Ice Storm                          Conjuration/Ice              9
   Fire Storm                         Conjuration/Fire             9
 C - a book of Necromancy

   Spells                             Type                      Level
   Pain                               Necromancy                   1
   Animate Skeleton                   Necromancy                   1
   Lethal Infusion                    Charms/Necromancy            2
   *Vampiric Draining                 Necromancy                   3
   *Regeneration                      Charms/Necromancy            3
   *Animate Dead                      Necromancy                   4
   *Control Undead                    Necromancy                   4
 H - Kikubaaqudgha's Papyrus of Stolen Souls {god gift}
   (Kikubaaqudgha gifted it to you on level 9 of the Dungeon)

   Spells                             Type                      Level
   *Animate Dead                      Necromancy                   4
   Bolt of Draining                   Conjuration/Necromancy       5
   Agony                              Necromancy                   5
   Dispel Undead                      Necromancy                   5
   Simulacrum                         Ice/Necromancy               6


   Skills:
 - Level 10.5 Short Blades
 - Level 2.1 Dodging
 - Level 3.0 Stealth
 + Level 3.0 Spellcasting
 * Level 13.9 Necromancy
 + Level 5.6 Evocations


You couldn't memorise any spells.
You knew the following spells:

 Your Spells              Type           Power        Failure   Level  Hunger
a - Animate Dead          Necr           N/A          1%          4    ####...
c - Control Undead        Necr           ######....   1%          4    ####...
d - Vampiric Draining     Necr           ######....   1%          3    ###....
r - Regeneration          Chrm/Necr      ####......   6%          3    ###....
s - Sublimation of Blood  Necr           ######....   1%          2    ##.....


Dungeon Overview and Level Annotations

Branches:
Dungeon (9/16)             Temple (1/1) D:5             Orc (0/4) D:9
   Lair (1/8) D:9

Altars:
Ashenzari
Cheibriados
Elyvilon
Fedhas
Kikubaaqudgha
Makhleb
Nemelex Xobeh
Okawaru
Sif Muna
Trog
Vehumet
Xom
Yredelemnul
Zin
the Shining One

Shops:
D:6 :!/[


Innate Abilities, Weirdness & Mutations

You heal slowly.
You can bottle blood from corpses.
You have razor-sharp teeth.*
You have supernaturally acute eyesight.
You can survive without breathing.*


Message History

The lava snake spits lava!
The glob of lava hits you!
The lava snake spits lava!
The glob of lava hits you!
The lava snake spits lava!
The glob of lava misses you. The lava fish bites you!
You are engulfed in flames!
The lava snake bites you but does no damage.
Casting: Vampiric Draining
Confirm with . or Enter, or press ? or * to list all spells.
Aiming: Vampiric Draining
Press: ? - help, Shift-Dir - straight line, f - lava fish
Aim: a lava fish (lava)
The lava fish is heavily wounded.
You feel life coursing into your body. You block the lava fish's attack.
The lava snake spits lava!
The glob of lava hits you!
The lava snake spits lava!
The glob of lava hits you!
* * * LOW HITPOINT WARNING * * *
The porcupine bites you.
* * * LOW HITPOINT WARNING * * *
The lava snake spits lava!
The glob of lava hits you!
You die...
Kikubaaqudgha rasps: "You have failed me!
Welcome... oblivion!"

..........................
...≈≈≈≈≈...###............
..§#§≈≈...# ##P..........
.. ###≈...# #.........(. .
#≈...## ##..........
.≈###≈...f# #..........
..≈§≈§≈...#####..........
...≈≈§≈≈...##.##..........
..§≈§§S..@.....?).......
..§≈≈≈≈≈.r...............
..≈§≈≈≈.................
.PP....................
.PP....................
.P###...........#.##. P
............?(.
.#..............
...........


You could see a porcupine and a lava snake.

Vanquished Creatures
  The ghost of ilii the Spry, an experienced SpCK of Xom (D:8)
  Joseph (D:7)
  A black mamba (Lair:1)
  A spiny frog (Lair:1)
  Grinder (D:6)
  2 sharks (Lair:1)
  A wraith (D:9)
  Eustachio (D:7)
  7 yaks (D:9)
  A hippogriff (Lair:1)
  A hill giant skeleton (D:8)
  A soldier ant (D:9)
  Purgy (Sewer)
  2 ice beasts
  3 sky beasts
  A phantom (D:9)
  3 ogres
  2 centaurs
  6 orc warriors
  4 lava worms (Lair:1)
  A water moccasin (D:3)
  2 giant frogs
  3 wights (D:9)
  6 killer bees
  An electric eel (Lair:1)
  4 crimson imps
  A lava snake (Lair:1)
  2 quasits
  A jelly (D:4)
  2 goliath beetles
  An iguana (D:4)
  6 hounds
  A yellow wasp zombie (D:9)
  7 orc priests
  A scorpion (D:5)
  7 worker ants
  7 orc wizards
  A killer bee zombie (D:9)
  Jessica (D:3)
  A sky beast zombie (D:9)
  2 worker ant zombies
  9 adders
  2 gnolls (D:6)
  A lemure (D:7)
  2 giant mites
  4 worms
  3 grey rats
  5 giant geckos
  An ooze (D:2)
  30 orcs
  9 giant cockroaches
  10 goblins
  16 hobgoblins
  5 quokkas
  5 ball pythons
  22 bats
  6 giant newts
  A giant spore (D:9)
  A hobgoblin skeleton (D:5)
  11 jackals
  15 kobolds
  An orc zombie (D:7)
  2 quokka skeletons
  24 rats
  2 ballistomycetes (D:9)
286 creatures vanquished.

Vanquished Creatures (collateral kills)
  The ghost of runewalsh the Sneak, an average OpWz (D:4)
  An ice beast (D:8)
  A black bear (D:8)
  3 killer bees
  A crimson imp (D:8)
  An orc (D:9)
8 creatures vanquished.

Vanquished Creatures (others)
  A two-headed ogre (D:9)
  A yak zombie (D:9)
  A fungus (D:9)
  A plant (D:9)
4 creatures vanquished.

Grand Total: 298 creatures vanquished

Notes
Turn   | Place    | Note
--------------------------------------------------------------
     0 | D:1      | PolkaDot, the Vampire Necromancer, began the quest for the Orb.
     0 | D:1      | Reached XP level 1. HP: 13/13 MP: 3/3
   155 | D:1      | Reached XP level 2. HP: 7/19 MP: 1/4
   246 | D:1      | Reached skill level 1 in Short Blades
   271 | D:1      | Reached skill level 5 in Necromancy
   620 | D:1      | Reached XP level 3. HP: 21/24 MP: 6/6
  1104 | D:2      | Learned a level 3 spell: Vampiric Draining
  1446 | D:2      | Reached XP level 4. HP: 26/30 MP: 7/7
  2172 | D:3      | Found a white marble altar of Elyvilon.
  2180 | D:3      | Noticed a water moccasin
  2189 | D:3      | Killed a water moccasin
  2189 | D:3      | Reached skill level 6 in Necromancy
  2189 | D:3      | Reached XP level 5. HP: 21/35 MP: 1/9
  2422 | D:3      | Found a bloodstained altar of Trog.
  2422 | D:3      | Found a glowing golden altar of the Shining One.
  2640 | D:3      | Noticed Jessica
  2642 | D:3      | Killed Jessica
  2993 | D:4      | Noticed runewalsh's ghost (average OpWz)
  3015 | D:4      | Gained mutation: Your flesh is cold resistant. [potion of beneficial mutation]
  3016 | D:4      | Lost mutation: Your flesh is cold resistant. [potion of cure mutation]
  3088 | D:4      | Learned a level 4 spell: Control Undead
  3117 | D:4      | Found a glowing drain.
  3318 | Sewer    | Entered a sewer
  3411 | Sewer    | Noticed Purgy
  3429 | Sewer    | Killed Purgy
  3429 | Sewer    | Reached XP level 6. HP: 22/41 MP: 3/10
  3639 | D:4      | Reached skill level 7 in Necromancy
  3964 | D:4      | Killed runewalsh's ghost
  4387 | D:4      | Reached skill level 5 in Short Blades
  4525 | D:5      | Entered Level 5 of the Dungeon
  4578 | D:5      | Reached XP level 7. HP: 8/46 MP: 0/12
  4866 | D:5      | Reached skill level 8 in Necromancy
  5179 | D:5      | Identified a scroll of acquirement
  5324 | D:5      | Found a staircase to the Ecumenical Temple.
  5394 | Temple   | Entered the Ecumenical Temple
  5492 | Temple   | Became a worshipper of Kikubaaqudgha
  5507 | D:5      | Learned a level 3 spell: Regeneration
  5665 | D:6      | Found Arezxav Haipt's Magical Wand Boutique.
  5828 | D:6      | Reached XP level 8. HP: 45/52 MP: 3/13
  5922 | D:6      | Noticed Grinder
  5940 | D:6      | Killed Grinder
  5940 | D:6      | Reached skill level 9 in Necromancy
  6077 | D:6      | Found Frelarph's Book Shop.
  6195 | D:6      | Found Giguufic's Distillery.
  6198 | D:6      | Bought 2 potions of degeneration for 56 gold pieces
  6198 | D:6      | Bought 2 potions of paralysis for 28 gold pieces
  6198 | D:6      | Bought a potion of resistance for 98 gold pieces
  6220 | D:6      | Found Codgh's Armour Shop.
  6375 | D:6      | Reached skill level 10 in Necromancy
  6396 | D:6      | Acquired Kikubaaqudgha's first power
  6396 | D:6      | Received a gift from Kikubaaqudgha
  6397 | D:6      | Identified Kikubaaqudgha's Volume of Black Secrets (Kikubaaqudgha gifted it to you on level 6 of the Dungeon)
  6549 | D:7      | Noticed Joseph
  6581 | D:7      | Killed Joseph
  6581 | D:7      | Reached XP level 9. HP: 48/57 MP: 8/14
  6611 | D:7      | Noticed Eustachio
  6642 | D:7      | Killed Eustachio
  6887 | D:7      | Acquired Kikubaaqudgha's second power
  6991 | D:7      | Reached skill level 11 in Necromancy
  7008 | D:7      | Reached skill level 10 in Short Blades
  7014 | D:7      | Learned a level 2 spell: Sublimation of Blood
  7292 | D:8      | Noticed ilii's ghost (experienced SpCK)
  7438 | D:8      | Killed ilii's ghost
  7871 | D:8      | Reached XP level 10. HP: 44/63 MP: 9/16
  7918 | D:8      | Reached skill level 12 in Necromancy
  8377 | D:9      | Received a gift from Kikubaaqudgha
  8378 | D:9      | Identified Kikubaaqudgha's Papyrus of Stolen Souls {god gift} (Kikubaaqudgha gifted it to you on level 9 of the Dungeon)
  8473 | D:9      | Reached skill level 13 in Necromancy
  8808 | D:9      | Found a staircase to the Lair.
  8903 | D:9      | Reached skill level 5 in Evocations
  9105 | D:9      | Found a blossoming altar of Fedhas.
  9586 | D:9      | Found a staircase to the Orcish Mines.
  9627 | Lair:1   | Entered Level 1 of the Lair of Beasts
  9784 | Lair:1   | Noticed a black mamba
  9801 | Lair:1   | Killed a black mamba
 10008 | Lair:1   | Reached XP level 11. HP: 39/68 MP: 10/20
 10270 | Lair:1   | Acquired Kikubaaqudgha's third power
 10336 | Lair:1   | Learned a level 4 spell: Animate Dead
 10389 | Lair:1   | Killed from afar by a lava snake

Action                   |  1- 3 |  4- 6 |  7- 9 | 10-12 || total
-------------------------+-------+-------+-------+-------++-------
Melee: Short sword       |   140 |   247 |   190 |       ||   577
       Quick blade       |       |       |   574 |   433 ||  1007
 Cast: Pain              |    10 |       |       |       ||    10
       Vampiric Draining |       |    23 |    32 |    75 ||   130
       Control Undead    |       |     4 |    15 |     3 ||    22
       Sublimation of Bl |       |       |     5 |    24 ||    29
       Regeneration      |       |       |     1 |     1 ||     2
 Abil: Bottle Blood      |       |       |    18 |    22 ||    40
Evoke: Wand              |       |     1 |     1 |     1 ||     3
  Use: Potion            |     1 |     9 |    15 |    15 ||    40
       Scroll            |     4 |    12 |     6 |     2 ||    24
 Stab: Sleeping          |     1 |     8 |     7 |     5 ||    21
       Distracted        |     1 |       |     2 |       ||     3
